 Dungeon Crawl Stone Soup version 0.23-a0-319-gb40ba49 (webtiles) character file.

88 Amnesiac the Digger (level 4, 18/18 HPs)
             Began as a Felid Earth Elementalist on Oct 15, 2018.
             Was a Follower of Dithmenos.
             Quit the game on level 3 of the Dungeon.
             The game lasted 00:08:22 (3445 turns).

Amnesiac the Digger (Felid Earth Elementalist)      Turns: 3445, Time: 00:08:23

Health: 18/18      AC:  1    Str:  4    XL:     4   Next: 30%
Magic:  9/9        EV: 18    Int: 18    God:    Dithmenos [*.....]
Gold:   74         SH:  0    Dex: 16    Spells: 2/9 levels left
                                        Lives:  0   Deaths: 1

rFire    . . .     SeeInvis +     - Unarmed
rCold    . . .     Gourm    .   (shield unavailable)
rNeg     . . .     Faith    .   (armour unavailable)
rPois    .         Spirit   .   (helmet unavailable)
rElec    .         Reflect  .   (cloak unavailable)
rCorr    .         Harm     .   (gloves unavailable)
MR       .....                  (boots unavailable)
Stlth    +++.......             (no amulet)
HPRegen  0.06/turn              (no ring)
MPRegen  0.11/turn              (no ring)

@: wreathed by umbra, quick
A: very small, no armour, no weapons or thrown items, stealth, claws 1, fangs 3,
see invisible, carnivore, speed 1, shaggy fur 1, slow metabolism 1, sharp paws
a: Renounce Religion


You were on level 3 of the Dungeon.
You worshipped Dithmenos.
Dithmenos was aware of your devotion.
You were not hungry.

You visited 1 branch of the dungeon, and saw 3 of its levels.

You collected 74 gold pieces.

Inventory:

Scrolls
 a - 2 scrolls of amnesia {!r, unknown}
 d - 2 scrolls of remove curse {!r}
 e - 2 scrolls of identify {!r}
 g - 2 scrolls of teleportation {!r}
Potions
 b - a potion of might {!q}
 f - 2 potions of magic {!q, unknown}
 i - 2 potions of mutation {!q, unknown}
 j - 3 potions of curing {!q}
Comestibles
 c - 5 rations


   Skills:
 - Level 2.6 Dodging
 - Level 2.6 Stealth
 + Level 2.2 Unarmed Combat
 + Level 3.0 Spellcasting
 + Level 1.3 Transmutations
 * Level 4.3 Earth Magic


You had 2 spell levels left.
You knew the following spells:

 Your Spells              Type           Power        Failure   Level  Hunger
a - Sandblast             Erth           ###...       2%          1    None
b - Passwall              Tmut/Erth      ##......     8%          2    ##.....
e - Petrify               Tmut/Erth      ##......     45%         4    ####...

Your spell library contained the following spells:

 Spells                   Type           Power        Failure   Level  Hunger
 Stone Arrow              Conj/Erth      ##....       21%         3    ###....
 Lee's Rapid Deconstruct  Erth           ###.......   58%         5    ######.


Dungeon Overview and Level Annotations

Branches:
Dungeon (3/15)

Altars:
Ashenzari
Dithmenos
Nemelex Xobeh


Innate Abilities, Weirdness & Mutations

You cannot wear armour.
You are incapable of wielding weapons or throwing items.
Your paws allow you to move quietly. (Stealth)
You have sharp claws.
You have razor-sharp teeth.
You have supernaturally acute eyesight. (SInv)
You are carnivorous and can eat meat at any time.
You cover ground quickly.
You are covered in fur. (AC +1)
You have a slow metabolism.
Your sharp claws are effective at attacking unaware monsters.


Message History

You start resting.
Some of the chunks of flesh in your inventory have rotted away.
HP restored.
The orc priest shouts!
The orc priest is too close now for your liking.
An orc priest is nearby!
Casting: Sandblast (safe; 2% risk of failure)
Confirm with . or Enter, or press ? or * to list all spells.
Aiming: Petrify (quite dangerous; 45% risk of failure)
Press: ? - help, Shift-Dir - straight line, f - orc priest
Aim: an orc priest, wielding a vampiric short sword and wearing a leather The orc priest resists with some effort.
The orc priest looks braver for a moment.
Unknown command.
Casting: Petrify (quite dangerous; 45% risk of failure)
Confirm with . or Enter, or press ? or * to list all spells.
Aiming: Petrify (quite dangerous; 45% risk of failure)
Press: ? - help, Shift-Dir - straight line, f/p - orc priest
Aim: an orc priest, wielding a vampiric short sword and wearing a leather The orc priest resists with some effort.
Unknown command.
There is a stone staircase leading up here.
You climb upwards.
There is a stone staircase leading down here.
You start resting.
Eating one of 2 chunks of flesh.
You eat one of the 2 chunks of flesh.
This raw flesh tastes great.
All of the chunks of flesh in your inventory have rotted away.
Magic restored.
You start resting.
Magic restored.
You climb downwards.
The orc priest mumbles some strange prayers to Beogh against you.
Beogh smites you!
There is a stone staircase leading up here.
Casting: Petrify (quite dangerous; 45% risk of failure)
Confirm with . or Enter, or press ? or * to list all spells.
Aiming: Petrify (quite dangerous; 45% risk of failure)
Press: ? - help, Shift-Dir - straight line, f - orc priest
Aim: an orc priest, wielding a vampiric short sword and wearing a leather The orc priest resists with some effort.
Unknown command.
Casting: Petrify (quite dangerous; 45% risk of failure)
Confirm with . or Enter, or press ? or * to list all spells.
Aiming: Petrify (quite dangerous; 45% risk of failure)
Press: ? - help, Shift-Dir - straight line, f/p - orc priest
Aim: an orc priest, wielding a vampiric short sword and wearing a leather You miscast Petrify.
You are very lightly contaminated with residual magic.
Motes of dust swirl before your eyes.
Unknown command.
The orc priest mumbles some strange prayers to Beogh against you.
Beogh smites you!
Ouch! That really hurt!
You stop ascending the stairs.
You die...
You are now level 4!
You rejoin the land of the living...
Found 10 gold pieces and 4 bolts.
Unknown command.
Saving game... please wait.
Welcome back, Amnesiac the Felid Earth Elementalist.
Dithmenos says: Spread the eternal night.
Press ? for a list of commands and other information.
Are you sure you want to abandon this character and quit the game? (Confirm ...# .or

...#....
...#....
........
#########
........
#....(..#
.......<
......$.#
...#
#.......#
...#
#.......#
...##.#
#@......#
......#
#.......#
...####
#########
######
#....#
#.##.#
#.##.#
.....#
##.###


There were no monsters in sight!

Vanquished Creatures
  A hound (D:3)
  Jessica (D:3)
  A worker ant (D:3)
  Robin (D:2)
  3 adders (D:2)
  An ooze (D:2)
  2 worms
  A dart slug (D:2)
  An orc (D:3)
  11 goblins (D:2)
  5 hobgoblins
  5 kobolds
  3 quokkas
  A ball python (D:1)
  7 bats
  4 frilled lizards
  3 rats
51 creatures vanquished.

Notes
Turn   | Place    | Note
-------+----------+-------------------------------------------
     0 | D:1      | Amnesiac the Felid Earth Elementalist began the quest for
                  | the Orb.
     0 | D:1      | Reached XP level 1. HP: 7/7 MP: 4/4
   375 | D:2      | Found a shadowy altar of Dithmenos.
   386 | D:2      | Became a worshipper of Dithmenos the Shadowed
   389 | D:2      | Reached skill level 3 in Earth Magic
   389 | D:2      | Reached XP level 2. HP: 4/11 MP: 1/6
   396 | D:2      | Learned a level 2 spell: Passwall
   413 | D:2      | Found a shattered altar of Ashenzari.
   481 | D:2      | Found a sparkling altar of Nemelex Xobeh.
  1511 | D:2      | Reached skill level 1 in Unarmed Combat
  1571 | D:2      | Reached XP level 3. HP: 12/14 MP: 4/7
  1608 | D:2      | Noticed Robin
  2223 | D:2      | Killed Robin
  2235 | D:2      | Reached XP level 4. HP: 8/18 MP: 1/8
  2583 | D:2      | Reached * piety under Dithmenos
  2970 | D:3      | Reached skill level 4 in Earth Magic
  3042 | D:3      | Reached XP level 5. HP: 19/21 MP: 7/10
  3051 | D:3      | Learned a level 4 spell: Petrify
  3155 | D:3      | Noticed Jessica
  3160 | D:3      | Killed Jessica
  3444 | D:3      | Killed from afar by an orc priest
  3445 | D:3      | Reached XP level 4. HP: -1/18 MP: 2/9
  3445 | D:3      | Quit the game

Vault maps used:
D:1:      roderic_octagonal_star, amethyst_killhole
D:2:      grunt_dithmenos_smoke, nicolae_overflow_crystal_walls,
          nicolae_ashenzari_panopticon, uniq_robin
D:3:      cheibriados_altar_1, lemuel_doored_altar, fedhas_altar_4,
          first_ration, uniq_jessica

Skill      XL: |  1  2  3  4  5 |
---------------+----------------+-----
Earth Magic    | 3 4 |  4.3
Unarmed Combat | 1 2 |  2.2
Spellcasting   | 3 |  3.0
Dodging        | |  2.6
Stealth        | |  2.6
Transmutations | |  1.3

Action                   |  1- 3 |  4- 6 || total
-------------------------+-------+-------++-------
Melee: Unarmed           |    79 |    37 ||   116
       Bite              |     5 |       ||     5
 Cast: Sandblast         |    25 |    23 ||    48
       Passwall          |       |     3 ||     3
       Petrify           |       |     3 ||     3
  Use: Scroll            |     3 |       ||     3
 Stab: Sleeping          |     4 |     3 ||     7
  Eat: Chunk             |     9 |     4 ||    13
Armor: Skin              |    11 |       ||    11
Dodge: Dodged            |    92 |    37 ||   129

Table legend:
 A = Non-vault XP
 B = Vault XP
 C = Vault XP percentage of total XP
 D = Non-vault monster count
 E = Vault monster count
 F = Vault count percentage of total count
                 A         B        C        D         E       F
            +---------+---------+-------+---------+---------+-------
      Total |     178 |      74 |  29.4 |      37 |      14 |  27.5
            +---------+---------+-------+---------+---------+-------
        D:1 |      13 |       0 |   0.0 |      10 |       0 |   0.0
        D:2 |      75 |      37 |  33.0 |      17 |      13 |  43.3
        D:3 |      90 |      37 |  29.1 |      10 |       1 |   9.1
            +---------+---------+-------+---------+---------+-------
